Map: Undercurrent LE

Players

Iceberg

  • Race: Protoss Protoss
  • Spawn Location: 7:00

Wlodziu

  • Race: Zerg Zerg
  • Spawn Location: 7:00

KanTTi

  • Race: Protoss Protoss
  • Spawn Location: 3:00

suchy

  • Race: Terran Terran
  • League: Master
  • Spawn Location: 1:00

VOD

Have the link to the VOD?

Description

Time

  • Played on: Feb. 1, 2026, 1:03 p.m.
  • Length: 12:54
Show
View Real Time Build Order
Export as new Build Order

Iceberg Protoss 

Build Orders: 1 Gate Expand 

Get SALT Encoding   

  1  0:00  Probe  
  12  0:05  Probe  
  14  0:15  Probe  
  15  0:23  Pylon  
  15  0:41  Probe  
  16  0:45  Gateway  
  16  0:53  Probe  
  17  1:05  Probe  
  18  1:16  Assimilator  
  18  1:18  Probe  
  19  1:28  Nexus  
  19  1:35  Probe  
  20  1:43  Probe  
  20  1:46  Cybernetics Core  
  20  1:51  Probe  
  21  1:55  Warp Gate  
  22  2:01  Probe  
  22  2:06  Assimilator  
  23  2:12  Gateway  
  23  2:18  Pylon  
  23  2:36  Pylon, Probe  
  24  2:42  Stalker  
  24  2:43  Pylon  
  24  2:48  Probe  
  27  2:55  Probe  
  28  2:59  Stalker  
  28  3:00  Probe  
  31  3:07  Probe  
  31  3:11  Forge  
  33  3:12  Probe  
  33  3:15  Stalker  
  35  3:21  Probe  
  36  3:27  Probe  
  36  3:29  Stalker  
  36  3:33  Probe  
  40  3:40  Probe  
  41  3:45  Photon Cannon, Probe  
  42  4:01  Assimilator  
  41  4:03  Assimilator  
  33  4:24  Photon Cannon  
  33  4:26  Photon Cannon  
  33  4:43  Stalker  
  33  4:44  Probe x2  
  37  4:52  Probe x2  
  39  5:00  Probe  
  39  5:05  Photon Cannon  
  40  5:12  Pylon  
  40  5:18  Pylon  
  40  5:20  Probe x2  
  40  5:28  Probe x2  
  44  5:38  Probe x2, Protoss Ground Weapons Level 1  
  46  5:47  Twilight Council  
  46  5:49  Probe  
  46  5:50  Probe  
  48  5:57  Probe  
  48  6:02  Probe  
  50  6:06  Probe  
  51  6:12  Stalker  
  51  6:14  Probe  
  54  6:18  Probe  
  54  6:23  Gateway  
  55  6:26  Probe  
  55  6:30  Probe  
  55  6:31  Gateway  
  57  6:42  Probe  
  58  6:52  Zealot x2  
  62  7:03  Twilight Council  
  56  7:31  Stalker x4  
  62  7:42  Probe  
  62  7:43  Probe  
  64  7:54  Probe  
  64  7:55  Probe  
  64  7:56  Templar Archives  
  64  7:58  Dark Shrine, Zealot  
  66  7:59  Zealot  
  66  8:00  Zealot x2  
  74  8:07  Probe x2  
  74  8:08  Protoss Ground Weapons Level 2  
  76  8:13  Gateway  
  76  8:14  Gateway  
  76  8:18  Gateway  
  76  8:21  Gateway  
  76  8:26  Charge  
  76  8:30  Pylon  
  76  8:33  Pylon  
  76  8:34  Forge, High Templar  
  76  8:36  Forge  
  78  8:42  Pylon  
  78  8:43  Pylon  
  78  8:45  Pylon  
  78  8:46  Pylon  
  78  8:48  Pylon  
  78  8:50  Pylon  
  78  8:54  High Templar x3  
  84  9:07  Probe x2  
  84  9:08  High Templar x2  
  90  9:13  High Templar  
  90  9:16  Archon x2  
  82  9:39  Pylon  
  82  9:40  High Templar x2  
  82  9:41  High Templar x4, Pylon  
  82  9:44  Pylon  
  94  9:46  Archon  
  94  9:47  Archon  
  94  9:52  Stalker  
  96  9:56  Archon, Blink  
  96  10:18  Zealot x6  
  96  10:19  Zealot  
  110  10:24  Nexus  
  110  10:25  Probe x2  
  110  10:26  Pylon x2  
  112  10:29  Pylon  
  112  10:31  Nexus  
  112  10:32  Stalker  
  112  10:33  Pylon x2  
  114  10:40  Pylon  
  115  10:42  Probe  
  115  10:43  Probe  
  115  10:44  Pylon  
  116  10:55  Probe x2  
  118  10:58  Zealot x4  
  118  10:59  Zealot x3  
  132  11:14  Stalker  
  90  11:35  High Templar x2  
  90  11:36  High Templar x5  
  90  11:38  Probe x2  
  86  11:46  Archon  
  76  11:47  Archon  
  76  11:48  Archon  
  76  11:53  Gateway  
  76  11:57  Gateway  
  76  12:01  Probe x2  
  78  12:13  Probe x2  
  78  12:14  Stalker x3  
  78  12:15  Stalker  
  88  12:19  Probe  
  88  12:22  Probe  
  90  12:25  Probe  
  83  12:32  Probe  
  83  12:34  Probe  
  85  12:42  High Templar x4  
  85  12:43  High Templar  
  96  12:46  Stalker  
  96  12:49  Archon x2  
Show
View Real Time Build Order
Export as new Build Order

Wlodziu Zerg 

Build Orders: Hatch First 

Get SALT Encoding   

  12  0:02  Drone  
  13  0:12  Overlord  
  13  0:18  Drone  
  14  0:32  Drone  
  14  0:33  Drone  
  16  0:37  Drone  
  17  0:55  Hatchery  
  17  0:56  Drone  
  17  1:00  Extractor  
  17  1:01  Drone  
  17  1:25  Drone, Spawning Pool  
  18  1:26  Drone  
  18  1:30  Drone  
  19  1:45  Overlord  
  19  2:06  Drone  
  20  2:12  Queen x2  
  20  2:14  Zergling x2  
  20  2:15  Zergling x4  
  27  2:20  Metabolic Boost  
  27  2:31  Drone x3  
  30  2:42  Overlord  
  30  2:44  Drone x2  
  32  2:54  Queen  
  34  3:03  Queen  
  36  3:25  Drone  
  36  3:26  Drone x7  
  44  3:35  Evolution Chamber  
  44  3:36  Evolution Chamber  
  42  3:47  Drone x2  
  44  3:55  Roach Warren, Lair  
  43  3:58  Extractor  
  43  4:00  Extractor  
  41  4:04  Zerg Missile Weapons Level 1  
  41  4:13  Spore Crawler  
  41  4:16  Spore Crawler  
  38  4:31  Overlord x3  
  38  4:32  Overlord  
  38  4:33  Zergling x8  
  38  4:37  Zerg Ground Armor Level 1  
  42  5:09  Pneumatized Carapace  
  42  5:14  Roach  
  42  5:19  Drone  
  42  5:20  Drone x7  
  52  5:38  Glial Reconstitution  
  52  5:40  Drone  
  52  5:41  Drone x4  
  57  5:51  Drone  
  57  5:54  Drone  
  57  5:55  Drone x2  
  61  6:05  Zerg Missile Weapons Level 2  
  61  6:07  Roach, Extractor  
  61  6:08  Roach x3  
  64  6:33  Roach  
  64  6:36  Overlord x4  
  64  6:37  Overlord x2  
  66  6:58  Roach x7  
  67  7:32  Roach x3  
  73  7:42  Hydralisk Den  
  64  8:08  Drone x2  
  64  8:12  Spore Crawler  
  65  8:19  Hatchery  
  64  8:31  Hydralisk x3  
  70  8:36  Spore Crawler  
  70  8:37  Spore Crawler  
  68  8:44  Spore Crawler  
  67  8:56  Hydralisk x2  
  67  9:00  Grooved Spines  
  71  9:40  Hydralisk x2  
  75  10:14  Extractor  
  74  10:15  Muscular Augments  
  74  10:44  Infestation Pit  
  42  11:46  Infestor  
  38  11:47  Infestor  
  38  11:49  Zergling x2  
  38  11:50  Zergling x8  
  40  12:37  Hatchery  
  40  12:41  Extractor  
  40  12:43  Extractor  
Show
View Real Time Build Order
Export as new Build Order

KanTTi Protoss 

Build Orders: Oracle Opening, Phoenix Opening 

Get SALT Encoding   

  12  0:00  Probe  
  13  0:12  Probe  
  14  0:23  Pylon  
  14  0:24  Probe  
  15  0:41  Probe  
  16  0:49  Gateway  
  16  0:53  Probe  
  16  0:54  Assimilator  
  17  1:05  Probe  
  17  1:09  Assimilator  
  18  1:17  Probe  
  19  1:26  Probe  
  20  1:35  Probe  
  21  1:40  Cybernetics Core  
  21  1:59  Nexus  
  21  2:01  Assimilator  
  21  2:07  Probe  
  22  2:19  Probe  
  22  2:21  Stargate  
  23  2:29  Pylon  
  23  2:55  Oracle  
  23  3:02  Stargate  
  23  3:05  Probe  
  26  3:13  Probe  
  26  3:14  Probe  
  28  3:22  Probe  
  28  3:26  Probe  
  30  3:31  Protoss Air Weapons Level 1  
  30  3:32  Phoenix  
  32  3:38  Probe  
  32  3:39  Probe  
  34  3:47  Phoenix  
  36  3:52  Probe  
  37  4:18  Probe x2  
  39  4:30  Probe  
  44  4:34  Void Ray  
  44  4:36  Pylon  
  44  4:37  Assimilator  
  44  4:41  Pylon  
  44  4:52  Pylon  
  44  4:55  Probe x2  
  50  5:00  Void Ray  
  50  5:16  Probe x2  
  52  5:28  Probe  
  53  5:38  Nexus, Void Ray  
  53  5:39  Void Ray  
  53  5:40  Protoss Air Armor Level 1, Assimilator  
  57  5:44  Assimilator  
  57  5:45  Probe  
  57  5:47  Pylon  
  62  5:55  Forge  
  62  6:03  Pylon  
  62  6:04  Pylon  
  63  6:11  Probe  
  63  6:33  Void Ray x2  
  63  6:34  Probe  
  63  6:35  Probe  
  73  6:48  Probe  
  73  6:49  Probe  
  75  7:04  Stargate  
  75  7:07  Stargate  
  75  7:14  Probe x2  
  74  7:40  Probe x2  
  74  7:41  Void Ray x2  
  74  7:44  Probe, Void Ray  
  77  7:48  Pylon  
  89  7:52  Probe x2  
  89  7:54  Probe  
  96  7:58  Void Ray  
  96  8:00  Photon Cannon  
  96  8:01  Photon Cannon, Shield Battery  
  96  8:02  Probe  
  96  8:04  Probe x2  
  98  8:09  Fleet Beacon  
  98  8:10  Probe  
  100  8:22  Probe x3  
  103  8:32  Pylon  
  103  8:34  Probe x3  
  106  8:43  Flux Vanes  
  106  8:46  Probe x2  
  108  8:52  Protoss Air Weapons Level 2  
  124  9:04  Void Ray x2  
  124  9:05  Void Ray  
  124  9:08  Void Ray  
  120  9:43  Probe x3  
  123  9:46  Anion Pulse-Crystals  
  123  9:55  Probe, Pylon  
  124  10:03  Probe  
  125  10:07  Pylon  
  125  10:11  Pylon  
  133  10:16  Nexus  
  133  10:18  Pylon  
  133  10:19  Void Ray x2  
  133  10:20  Stargate, Assimilator  
  133  10:25  Assimilator  
  141  10:29  Pylon  
  141  10:31  Void Ray x2  
  141  10:37  Probe x3  
  142  10:55  Probe  
  151  11:02  Void Ray x2  
  151  11:04  Probe x2  
  151  11:06  Carrier  
  151  11:08  Carrier  
  165  11:16  Pylon  
  161  11:30  Carrier x2  
  163  11:54  Void Ray  
  163  12:01  Photon Cannon  
  163  12:03  Photon Cannon  
  163  12:04  Photon Cannon  
  163  12:06  Photon Cannon  
  163  12:08  Void Ray, Photon Cannon  
  163  12:11  Photon Cannon  
  163  12:13  Photon Cannon  
  163  12:15  Photon Cannon  
  171  12:17  Shield Battery  
  171  12:34  Probe  
  171  12:35  Probe x2  
Show
View Real Time Build Order
Export as new Build Order

suchy Terran 

Build Orders:  

Get SALT Encoding   

  12  0:01  SCV  
  13  0:13  SCV  
  14  0:25  SCV  
  14  0:26  Supply Depot  
  15  0:34  Refinery  
  15  0:51  Barracks  
  15  0:56  SCV  
  16  1:07  Engineering Bay  
  16  1:08  SCV  
  17  1:20  SCV  
  17  1:23  Supply Depot  
  18  1:32  SCV  
  19  1:33  Refinery  
  19  1:39  Marine  
  20  1:44  SCV  
  21  1:54  Factory  
  21  2:07  SCV  
  22  2:10  Marine  
  22  2:13  Missile Turret  
  23  2:19  SCV  
  24  2:28  Marine  
  25  2:31  SCV  
  25  2:35  Supply Depot  
  26  2:39  Factory Tech Lab  
  26  2:43  SCV  
  27  2:50  Starport  
  27  2:53  Barracks Reactor  
  27  2:56  SCV  
  28  3:14  Barracks, Orbital Command  
  28  3:24  Siege Tank  
  31  3:30  Marine  
  31  3:31  Marine  
  33  3:37  Starport Reactor  
  33  4:00  Command Center  
  33  4:09  Barracks Tech Lab  
  33  4:10  Marine  
  33  4:13  Missile Turret, SCV  
  35  4:28  Siege Tank, Refinery  
  35  4:29  Supply Depot  
  38  4:32  SCV  
  39  4:44  Refinery  
  39  4:50  Combat Shield  
  39  4:51  Marauder  
  41  4:55  Supply Depot  
  41  4:57  Medivac  
  43  5:09  SCV  
  44  5:17  SCV  
  44  5:19  Marine x2  
  47  5:27  SCV  
  48  5:29  SCV  
  48  5:33  Medivac  
  51  5:37  Marine  
  51  5:39  SCV  
  51  5:41  SCV  
  54  5:51  SCV  
  54  5:52  Supply Depot  
  54  5:55  Orbital Command  
  55  6:03  SCV  
  56  6:45  Marine x2  
  56  6:46  Marine  
  59  6:47  Siege Tank  
  59  6:48  Medivac x2  
  66  7:04  Marauder  
  68  7:18  Medivac  
  68  7:19  Siege Tank  
  66  7:25  Marauder  
  60  7:34  Marine x2  
  60  7:47  Marauder  
  61  7:51  Siege Tank  
  61  7:52  Marine  
  61  7:53  Marine  
  66  8:02  SCV  
  67  8:08  Marauder  
  67  8:10  Marine  
  67  8:11  Marine  
  71  8:14  SCV, Stimpack  
  71  8:17  Barracks, Terran Infantry Armor Level 1  
  71  8:19  Viking x2  
  76  8:21  SCV  
  76  8:26  SCV  
  78  8:33  SCV, Siege Tank  
  78  8:34  Marauder  
  84  8:46  SCV  
  84  8:48  Marine x2  
  87  8:52  Medivac x2  
  87  8:54  SCV  
  87  8:55  Marauder  
  94  8:58  SCV  
  94  9:00  Barracks  
  95  9:05  Marine  
  95  9:06  Siege Tank, Marine, Barracks Tech Lab  
  100  9:10  SCV  
  100  9:15  Factory  
  101  9:22  SCV  
  102  9:24  Missile Turret  
  102  9:39  Supply Depot  
  102  9:54  Concussive Shells  
  102  9:57  Sensor Tower  
  102  10:00  Siege Tank, SCV  
  102  10:01  Marauder  
  108  10:15  SCV  
  108  10:17  Command Center  
  108  10:21  Missile Turret  
  109  10:26  Supply Depot  
  109  10:27  SCV  
  110  10:40  Refinery  
  110  10:54  Supply Depot  
  110  10:57  Barracks Tech Lab  
  110  10:59  Factory Tech Lab  
  110  11:02  SCV, Medivac  
  110  11:03  Medivac  
  115  11:12  Starport, Marine  
  115  11:13  Marine x2  
  115  11:16  Marauder  
  84  11:31  Marauder  
  66  11:38  Marauder  
  63  11:49  Siege Tank  
  63  11:53  Marauder, Siege Tank  
  71  11:56  Marine x2  
  71  11:57  Marauder  
  71  11:59  Marauder  
  77  12:03  Starport Reactor  
  77  12:13  Marine  
  77  12:14  Marine, Marauder  
  81  12:18  Marauder  
  81  12:20  Marauder  
  81  12:21  Siege Tank  
Tags
 
Add a new tag
Caveats
  • Supply blocks, unpowered buildings, or Contaminate may cause inaccurate times.
  • Supply counts are checked every 10 seconds.